 Dungeon Crawl Stone Soup version 0.29.0-13-gc9e81de378 (webtiles) character file.

Game seed: 12883233362427478004

664 Powertoast the Skirmisher (level 7, -6/62 HPs)
             Began as a Minotaur Hunter on Sept 9, 2022.
             Was a Believer of Okawaru.
             Mangled by a gnoll sergeant
             ... wielding a +0 vampiric trident
              (12 damage)
             ... on level 4 of the Dungeon.
             The game lasted 00:09:09 (3930 turns).

Powertoast the Skirmisher (Minotaur Hunter)         Turns: 3930, Time: 00:09:10

Health: -6/62      AC:  8    Str: 16    XL:     7   Next: 31%
Magic:  3/6        EV: 12    Int:  6    God:    Okawaru [**....]
Gold:   159        SH:  0    Dex: 15    Spells: 6/6 levels left

rFire   . . .      SeeInvis .   a - +0 shortbow
rCold   . . .      Faith    +   (shield currently unavailable)
rNeg    . . .      Spirit   .   r - +0 scale mail
rPois   .          Reflect  .   (helmet restricted)
rElec   .          Harm     .   k - +0 cloak
rCorr   .          Rampage  .   (no gloves)
Will    .....                   (no boots)
Stlth   ++........              f - amulet of faith
HPRegen 0.20/turn               (no ring)
MPRegen 0.10/turn               (no ring)

@: heroic
A: horns 2, retaliatory headbutt
a: Renounce Religion, Heroism


You were on level 4 of the Dungeon.
You worshipped Okawaru.
Okawaru was pleased with you.
You visited 1 branch of the dungeon, and saw 4 of its levels.

You collected 257 gold pieces.
You spent 98 gold pieces at shops.

Inventory:

Hand Weapons
 a - a +0 shortbow (weapon)
Armour
 c - a +0 leather armour
 k - a +0 cloak (worn)
 q - a +0 ring mail
 r - a +0 scale mail (worn)
 s - a +0 chain mail
Jewellery
 f - an amulet of faith (around neck)
 u - an amulet of guardian spirit
Wands
 t - a wand of mindburst (13)
 v - a wand of roots (9)
Scrolls
 b - a scroll of immolation
 h - a scroll of fear {unknown}
 j - a scroll of magic mapping {unknown}
 l - a scroll of enchant armour {unknown}
 n - 2 scrolls of poison
 o - 2 scrolls of vulnerability {unknown}
 p - 6 scrolls of teleportation {unknown}
 w - a scroll of enchant weapon {unknown}
Potions
 d - a potion of haste
 e - a potion of attraction
 i - a potion of flight {unknown}


   Skills:
 + Level 5.9(10.9) Fighting
 * Level 8.5(13.5) Ranged Weapons
 - Level 2.1(7.1) Dodging
 - Level 0.7(5.7) Stealth


You had 6 spell levels left.
You didn't know any spells.
Your spell library was empty.

Dungeon Overview and Level Annotations

Branches:
Dungeon (4/15)
 Temple: D:4-7

Altars:
Okawaru
Xom

Shops:
D:3 *


Innate Abilities, Weirdness & Mutations

You have a pair of horns on your head.
You reflexively headbutt those who attack you in melee.


Message History

Fire: a) +0 shortbow
Press: ? - help, Q - select action, (/) - cycle Shift-Dir - straight line, f/p - gnoll sergeant
Aim: a gnoll sergeant, wielding a +0 vampiric trident and wearing a +0 ring mail (moderately wounded, 72% to hit)
You shoot an arrow. The arrow hits the gnoll sergeant.
The gnoll sergeant is moderately wounded.
The gnoll sergeant barely misses you.
You fail to use your ability.
You gain the combat prowess of a mighty hero.
The gnoll sergeant hits you with a +0 vampiric trident.
* * * LOW HITPOINT WARNING * * *
The gnoll sergeant draws strength from your wounds!
Fire: a) +0 shortbow
Press: ? - help, Q - select action, (/) - cycle Shift-Dir - straight line, f/p - gnoll sergeant
Aim: a gnoll sergeant, wielding a +0 vampiric trident and wearing a +0 ring mail (lightly wounded, 75% to hit)
You shoot an arrow.
The arrow closely misses the gnoll sergeant.
The gnoll sergeant closely misses you.
It was a potion of attraction.
You feel attractive to monsters.
Fire: a) +0 shortbow
Press: ? - help, Q - select action, (/) - cycle Shift-Dir - straight line, f/p - gnoll sergeant
Aim: a gnoll sergeant, wielding a +0 vampiric trident and wearing a +0 ring mail (lightly wounded, 75% to hit)
You shoot an arrow.
The arrow barely misses the gnoll sergeant.
The gnoll sergeant closely misses you.
It was a potion of cancellation.
Your magical effects are unravelling.
You feel magically purged.
You feel yourself slow down.
The gnoll sergeant hits you with a +0 vampiric trident.
* * * LOW HITPOINT WARNING * * *
The gnoll sergeant draws strength from your wounds!
You feel less attractive to monsters.
Fire: a) +0 shortbow
Press: ? - help, Q - select action, (/) - cycle Shift-Dir - straight line, f/p - gnoll sergeant
Aim: a gnoll sergeant, wielding a +0 vampiric trident and wearing a +0 ring mail (lightly wounded, 75% to hit)
You shoot an arrow. The arrow hits the gnoll sergeant!
The gnoll sergeant is severely wounded.
The gnoll sergeant hits you with a +0 vampiric trident!
You die...

##.#.......†#..#....#
#.####
##..#........#..####.####.#
. ...##..#†##..#...#
#....#.# .#######..####...#
#....'.# .######8..#..'..##
##...### .#.......##..#..##
#...# .†.......##..#...#
#...# #######8..#.)#...#
#)..# ##..######@# #...#
#+## #g.# #...# ....# #...#
......# ##### ########


You could see a gnoll sergeant.

Vanquished Creatures
  A necrophage (D:4)
  3 scorpions
  4 hounds (D:4)
  2 orc priests (D:3)
  Natasha (thrice) (D:4)
  3 gnolls (D:4)
  7 adders
  An ufetubus (D:4)
  A worm (D:2)
  3 dart slugs
  4 orcs
  7 endoplasms
  4 giant cockroaches
  9 goblins
  4 hobgoblins
  6 jackals (D:1)
  A quokka (D:1)
  6 ball pythons
  3 bats
  3 frilled lizards
  4 kobolds
  2 rats
81 creatures vanquished.

Vanquished Creatures (others)
  5 dream sheep (D:3)
5 creatures vanquished.

Grand Total: 86 creatures vanquished

Notes
Turn   | Place    | Note
-------+----------+-------------------------------------------
     0 | D:1      | Powertoast the Minotaur Hunter began the quest for the Orb.
     0 | D:1      | Reached XP level 1. HP: 18/18 MP: 0/0
   136 | D:1      | Reached XP level 2. HP: 25/25 MP: 1/1
   290 | D:1      | Reached skill level 5 in Ranged Weapons
   623 | D:1      | Reached XP level 3. HP: 31/31 MP: 2/2
   932 | D:2      | Found an iron altar of Okawaru.
   940 | D:2      | Became a worshipper of Warmaster Okawaru
  1897 | D:3      | Found Syludd's Assorted Antiques.
  1900 | D:3      | Bought a scroll labelled CAR XEFYNGOZE for 20 gold pieces
  1900 | D:3      | Bought a scroll labelled EDWEUD ONIAVEJOMN for 20 gold
                  | pieces
  1900 | D:3      | Bought a scroll labelled BEUVAT CIAPP for 20 gold pieces
  1900 | D:3      | Bought a brown potion for 18 gold pieces
  1900 | D:3      | Bought a scroll labelled CAR XEFYNGOZE for 20 gold pieces
  1935 | D:3      | Reached XP level 4. HP: 40/40 MP: 3/3
  1944 | D:3      | Reached skill level 6 in Ranged Weapons
  2367 | D:3      | Found a faded altar of an unknown god.
  2437 | D:3      | Noticed a dream sheep
  2437 | D:3      | Noticed a dream sheep
  2437 | D:3      | Noticed a dream sheep
  2437 | D:3      | Noticed a dream sheep
  2437 | D:3      | Noticed a dream sheep
  2437 | D:3      | Found a shimmering altar of Xom.
  2441 | D:3      | Killed a dream sheep
  2441 | D:3      | Killed a dream sheep
  2441 | D:3      | Killed a dream sheep
  2441 | D:3      | Killed a dream sheep
  2441 | D:3      | Killed a dream sheep
  2689 | D:3      | Reached XP level 5. HP: 46/46 MP: 4/4
  2914 | D:4      | Reached * piety under Okawaru
  3037 | D:3      | Reached skill level 7 in Ranged Weapons
  3123 | D:4      | Reached XP level 6. HP: 41/55 MP: 5/5
  3333 | D:4      | Noticed Natasha
  3341 | D:4      | Killed Natasha
  3397 | D:4      | Reached skill level 5 in Fighting
  3532 | D:4      | Noticed Natasha
  3535 | D:4      | Killed Natasha
  3537 | D:4      | Reached ** piety under Okawaru
  3587 | D:4      | Noticed Natasha
  3594 | D:4      | Killed Natasha
  3697 | D:4      | Reached skill level 8 in Ranged Weapons
  3697 | D:4      | Reached XP level 7. HP: 52/61 MP: 6/6
  3892 | D:4      | Identified the +3 short sword "Ybroil" {vorpal, Fragile rF+
                  | rN+++ Str-5}
  3930 | D:4      | Mangled by a gnoll sergeant

Illustrated notes

Levels and vault maps discovered:
D:1:      dpeg_arrival_rooms_b, layout_basic, nicolae_hexahallways
D:2:      layout_loops_ring, basic_altar, roderic_lattice_a
D:3:      layout_loops_ring, kb_xom_exploding_sheep, basic_ecumenical_altar,
          serial_shops, nicolae_shop_statue_plus, chequers_avenue
D:4:      minmay_chambers_of_twos, layout_basic, uniq_natasha

Skill      XL: |  1  2  3  4  5  6 |
---------------+-------------------+-----
Ranged Weapons | 5 6 7 8 |  8.5
Fighting       | 3 4 5 |  5.9
Dodging        | |  2.1
Stealth        | |  0.7

Action                   |  1- 3 |  4- 6 |  7- 9 || total
-------------------------+-------+-------+-------++-------
 Fire: Shortbow          |    94 |   119 |    47 ||   260
Invok: Heroism           |       |       |     2 ||     2
  Use: Scroll            |     4 |       |       ||     4
       Potion            |       |       |     4 ||     4
Armor: Leather armour    |    14 |       |       ||    14
       Ring mail         |       |    10 |       ||    10
       Scale mail        |       |    12 |    16 ||    28
Dodge: Dodged            |    40 |    71 |    35 ||   146
